Stars vs Monarchs

Created - Saturday, December 06, 2014 at 00:32

Goals
1 2 3 OT1 SO T
Stars 0 0 1 0 2 2
Monarchs 0 1 0 0 1 1
Shots
1 2 3 OT1 SO T
Stars 4 9 5 0 4 18
Monarchs 6 14 8 2 4 30

1st period

No Goal

Penalties :
No Penalty

2nd period

1. Monarchs , David Rundblad 17 (Nathan Paetsch) at 11:51

Penalties :
Rostislav Olesz (MAN) for Interference (Minor) at 2:01, Mathieu Tousignant (MAN) for Tripping (Minor) at 6:52

3rd period

2. Stars , Zac Dalpe 8 (Matt Tennyson) at 1:50

Penalties :
Carter Bancks (TEX) for Roughing (Minor) at 5:26

Overtime #1

No Goal

Penalties :
No Penalty

Shootout

Penalty Shot by Carter Bancks for Stars - Stopped by Niklas Svedberg
Penalty Shot by Jason Jaffray for Monarchs - Shot Misses the Net
Penalty Shot by Vinny Saponari for Stars - Shot Misses the Net
Penalty Shot by Mathieu Tousignant for Monarchs - Goal!
Penalty Shot by Justin Shugg for Stars - Goal!
Penalty Shot by David Rundblad for Monarchs - Stopped by Nikolai Khabibulin
Penalty Shot by Michael Davies for Stars - Goal!
Penalty Shot by Brett Olson for Monarchs - Stopped by Nikolai Khabibulin

Penalties :
No Penalty

Goalie Stats

Nikolai Khabibulin (TEX), 29 saves from 30 shots - (0.967), W, 4-0-1, 65:00 minutes
Niklas Svedberg (MAN), 17 saves from 18 shots - (0.944), OTL, 13-11-4, 65:00 minutes

Players Stats for Stars

Player Name              G  A  P  +/- PIM S  H  SB GA TA FO     MP     PP MP  PK MP  
------------------------------------------------------------------------------------
Alexandre Grenier        0  0  0   0  0   2  1  1  4  3  0/1    20:56   1:37   1:30 
Austin Madaisky          0  0  0   0  0   1  2  1  1  3  0/0    23:53   2:04   1:01 
Cameron Gaunce           0  0  0   1  0   0  1  3  0  0  0/0    29:37   1:56   0:58 
Carter Bancks            0  0  0   0  2   1  5  0  1  0  0/0    18:42   0:02   0:00 
Dylan Yeo                0  0  0  -1  0   0  0  0  0  0  0/0    10:57   0:00   0:00 
Joonas Rask              0  0  0   0  0   0  0  0  1  0  0/0     0:29   0:00   0:00 
Justin Shugg             0  0  0   1  0   0  2  0  1  2  1/1    23:15   1:35   0:29 
Matt Lowry               0  0  0   0  0   3  0  0  1  0  2/4    15:43   0:00   0:00 
Matt Tennyson            0  1  1   1  0   2  1  4  0  2  0/0    28:57   2:02   1:01 
Matt Watkins             0  0  0   0  0   4  3  0  4  1  0/0    18:20   2:21   0:00 
Michael Davies           0  0  0   0  0   0  4  2  6  1  0/0    19:31   2:21   0:00 
Micheal Haley            0  0  0  -1  0   0  0  0  0  0  0/0     5:43   0:00   0:00 
Patrik Nemeth            0  0  0   0  0   1  5  1  1  5  0/0    25:07   1:54   0:58 
Spencer Machacek         0  0  0   0  0   0  1  0  0  0  0/0     1:37   0:00   0:00 
Steven Delisle           0  0  0  -1  0   1  2  0  2  0  0/0    10:25   0:00   0:00 
Vinny Saponari           0  0  0   0  0   0  1  0  0  1  1/2    23:22   1:35   0:58 
Wacey Hamilton           0  0  0   0  0   0  1  0  0  0  5/9    21:21   2:23   1:01 
Zac Dalpe                1  0  1   0  0   3  0  1  2  0  6/13   19:55   0:00   0:00 

Players Stats for Monarchs

Player Name              G  A  P  +/- PIM S  H  SB GA TA FO     MP     PP MP  PK MP  
------------------------------------------------------------------------------------
Bobby Robins             0  0  0   0  0   0  1  0  3  1  0/1    16:14   0:00   0:00 
Brett Olson              0  0  0   0  0   3  2  0  1  1  6/11   18:17   0:48   0:47 
C.J. Stretch             0  0  0   0  0   0  2  0  0  2  3/7    18:17   1:11   0:00 
David Rundblad           1  0  1   1  0   8  1  1  1  3  0/0    18:04   0:00   0:00 
Derek Forbort            0  0  0  -1  0   2  2  2  2  3  0/0    27:35   0:49   1:13 
Farm Player16            0  0  0   0  0   0  2  0  1  0  0/0    16:33   0:00   0:31 
Farm Player23            0  0  0   0  0   0  0  0  0  0  0/1    10:33   0:00   0:31 
Jared Knight             0  0  0   0  0   1  3  0  1  0  0/0    22:19   0:48   2:40 
Jason Jaffray            0  0  0   0  0   3  6  0  4  0  3/5    24:28   0:48   2:40 
Joe Morrow               0  0  0  -1  0   0  1  0  6  1  0/0    20:03   0:49   1:13 
Jordan Hill              0  0  0   0  0   0  2  0  0  2  0/0    15:12   0:00   2:45 
Matej Stransky           0  0  0   0  0   2  3  0  3  1  0/0    19:02   1:11   0:00 
Mathieu Tousignant       0  0  0   0  2   0  2  0  0  0  1/3    18:07   1:11   0:00 
Nathan Paetsch           0  1  1   1  0   5  1  2  0  1  0/0    25:39   1:10   2:45 
Raffi Torres             0  0  0   0  0   2  2  0  1  0  0/0    17:28   0:00   0:00 
Rostislav Olesz          0  0  0   0  2   3  2  1  1  0  2/2    12:24   0:00   0:47 
Taylor Doherty           0  0  0   0  0   1  2  1  0  0  0/0    15:35   1:10   0:00 
Zach McKelvie            0  0  0   0  0   0  0  0  0  0  0/0     0:00   0:00   0:00 

3 Stars

1 - Nikolai Khabibulin (TEX)
2 - David Rundblad (MAN)
3 - Niklas Svedberg (MAN)

Power Play

Stars - 0 on 2 Attempt(s) - 0.00%
Monarchs - 0 on 1 Attempt(s) - 0.00%

Penalty Kill

Stars - 1 on 1 Attempt(s) - 100.00% - Score 0 goal in Penalty Kill
Monarchs - 2 on 2 Attempt(s) - 100.00% - Score 0 goal in Penalty Kill

Official

Referees : Unknown
Linesman : Unknown

Game Notes

Rostislav Olesz is injured at 2:47 of 3rd period (Back Surgery)
Dylan Yeo is injured at 10:43 of 3rd period (Upper Body)

Finance

Level 1 -- Attendance: 1644 (82.20%) -- Ticket Income $57,540
Level 2 -- Attendance: 695 (69.50%) -- Ticket Income $10,425
Total Attendance: 2339 (77.97%)
Total Ticket Income: $67,965
Other Income: $33,303
Total Income: $101,268

Stars

5 vs 5 Forward 
   Center                   Left Wing                Right Wing               Time % Phy DF OF 
 1 Zac Dalpe                Justin Shugg             Vinny Saponari           35     1   2  2  
 2 Wacey Hamilton           Matt Watkins             Michael Davies           30     1   2  2  
 3 Matt Lowry               Carter Bancks            Alexandre Grenier        22     1   2  2  
 4 Zac Dalpe                Justin Shugg             Vinny Saponari           13     1   2  2  

5 vs 5 Defense 
   Defense                  Defense                                           Time % Phy DF OF 
 1 Matt Tennyson            Austin Madaisky                                   35     1   2  2  
 2 Cameron Gaunce           Patrik Nemeth                                     30     1   2  2  
 3 Cameron Gaunce           Matt Tennyson                                     22     1   2  2  
 4 Cameron Gaunce           Matt Tennyson                                     13     1   2  2  

PowerPlay Forward 
   Center                   Left Wing                Right Wing               Time % Phy DF OF 
 1 Vinny Saponari           Justin Shugg             Alexandre Grenier        60     1   2  2  
 2 Wacey Hamilton           Matt Watkins             Michael Davies           40     1   2  2  

PowerPlay Defense
   Defense                  Defense                                           Time % Phy DF OF 
 1 Matt Tennyson            Austin Madaisky                                   60     1   2  2  
 2 Cameron Gaunce           Patrik Nemeth                                     40     1   2  2  

Penalty Kill 4 Players Forward 
   Center                   Wing                     Time % Phy DF OF 
 1 Vinny Saponari           Alexandre Grenier        60     1   2  2  
 2 Justin Shugg             Michael Davies           40     1   2  2  

Penalty Kill 4 Players Defense
   Defense                  Defense                  Time % Phy DF OF 
 1 Matt Tennyson            Austin Madaisky          60     1   2  2  
 2 Cameron Gaunce           Patrik Nemeth            40     1   2  2  

Penalty Kill - 3 Players Forward 
   Forward                                           Time % Phy DF OF 
 1 Justin Shugg                                      60     1   2  2  
 2 Michael Davies                                    40     1   2  2  

Penalty Kill - 3 Players Defense
   Defense                  Defense                  Time % Phy DF OF 
 1 Matt Tennyson            Dylan Yeo                60     1   2  2  
 2 Cameron Gaunce           Patrik Nemeth            40     1   2  2  

4 vs 4 Forward 
   Center                   Wing                     Time % Phy DF OF 
 1 Vinny Saponari           Alexandre Grenier        60     1   2  2  
 2 Justin Shugg             Michael Davies           40     1   2  2  

4 vs 4 Defense
   Defense                  Defense                  Time % Phy DF OF 
 1 Patrik Nemeth            Steven Delisle           60     1   2  2  
 2 Cameron Gaunce           Matt Tennyson            40     1   2  2  

Last Minutes Offensive
   Center                   Left Wing                Right Wing               Defense                  Defense                  
   Zac Dalpe                Justin Shugg             Vinny Saponari           Matt Tennyson            Cameron Gaunce           

Last Minutes Defensive
   Center                   Left Wing                Right Wing               Defense                  Defense                  
   Zac Dalpe                Justin Shugg             Vinny Saponari           Matt Tennyson            Cameron Gaunce           

Goaltenders
Starting : Nikolai Khabibulin       
Backup : Farm Player78            

Extra Forwards
Normal : Alexandre Grenier, Vinny Saponari, Carter Bancks - PP : Alexandre Grenier, Vinny Saponari - PK : Carter Bancks
Extra Defensemen
Normal : Patrik Nemeth, Matt Tennyson, Cameron Gaunce - PP : Cameron Gaunce - PK : Matt Tennyson, Cameron Gaunce
Penalty Shots
Carter Bancks, Vinny Saponari, Justin Shugg, Michael Davies, Alexandre Grenier

Monarchs

5 vs 5 Forward 
   Center                   Left Wing                Right Wing               Time % Phy DF OF 
 1 Brett Olson              Jason Jaffray            Jared Knight             35     1   2  2  
 2 C.J. Stretch             Raffi Torres             Matej Stransky           30     1   2  2  
 3 Mathieu Tousignant       Rostislav Olesz          Bobby Robins             22     1   2  2  
 4 Farm Player23            Jason Jaffray            Rostislav Olesz          13     1   2  2  

5 vs 5 Defense 
   Defense                  Defense                                           Time % Phy DF OF 
 1 David Rundblad           Nathan Paetsch                                    35     1   2  2  
 2 Joe Morrow               Derek Forbort                                     30     1   2  2  
 3 Derek Forbort            Taylor Doherty                                    22     1   2  2  
 4 Jordan Hill              Farm Player16                                     13     1   2  2  

PowerPlay Forward 
   Center                   Left Wing                Right Wing               Time % Phy DF OF 
 1 Brett Olson              Jason Jaffray            Jared Knight             60     1   2  2  
 2 C.J. Stretch             Rostislav Olesz          Matej Stransky           40     1   2  2  

PowerPlay Defense
   Defense                  Defense                                           Time % Phy DF OF 
 1 Taylor Doherty           Nathan Paetsch                                    60     1   2  2  
 2 Joe Morrow               Derek Forbort                                     40     1   2  2  

Penalty Kill 4 Players Forward 
   Center                   Wing                     Time % Phy DF OF 
 1 Jason Jaffray            Jared Knight             60     1   2  2  
 2 Rostislav Olesz          Brett Olson              40     1   2  2  

Penalty Kill 4 Players Defense
   Defense                  Defense                  Time % Phy DF OF 
 1 Jordan Hill              Nathan Paetsch           60     1   2  2  
 2 Joe Morrow               Derek Forbort            40     1   2  2  

Penalty Kill - 3 Players Forward 
   Forward                                           Time % Phy DF OF 
 1 Jason Jaffray                                     60     1   2  2  
 2 Brett Olson                                       40     1   2  2  

Penalty Kill - 3 Players Defense
   Defense                  Defense                  Time % Phy DF OF 
 1 Derek Forbort            Nathan Paetsch           60     1   2  2  
 2 Joe Morrow               Jordan Hill              40     1   2  2  

4 vs 4 Forward 
   Center                   Wing                     Time % Phy DF OF 
 1 Jason Jaffray            Jared Knight             60     1   2  2  
 2 Rostislav Olesz          Brett Olson              40     1   2  2  

4 vs 4 Defense
   Defense                  Defense                  Time % Phy DF OF 
 1 Derek Forbort            Nathan Paetsch           60     1   2  2  
 2 Joe Morrow               Taylor Doherty           40     1   2  2  

Last Minutes Offensive
   Center                   Left Wing                Right Wing               Defense                  Defense                  
   Brett Olson              Jason Jaffray            Jared Knight             Joe Morrow               Nathan Paetsch           

Last Minutes Defensive
   Center                   Left Wing                Right Wing               Defense                  Defense                  
   Brett Olson              Jason Jaffray            Jared Knight             Joe Morrow               Nathan Paetsch           

Goaltenders
Starting : Niklas Svedberg          
Backup : Reto Berra               

Extra Forwards
Normal : Mathieu Tousignant, Bobby Robins, Farm Player16 - PP : Mathieu Tousignant, Bobby Robins - PK : Farm Player16
Extra Defensemen
Normal : Derek Forbort, Taylor Doherty, Jordan Hill - PP : Derek Forbort - PK : Taylor Doherty, Jordan Hill
Penalty Shots
Jason Jaffray, Mathieu Tousignant, Rostislav Olesz, Brett Olson, Jared Knight

% Time on Ice - Stars

Lines # - Real PCT - Wanted PCT - Time Play
Normal Forward
1 - 34% - 35% - 18:09
2 - 31% - 30% - 16:48
3 - 26% - 22% - 14:14
4 - 9% - 13% - 4:52
Normal Defense
1 - 41% - 35% - 22:19
2 - 34% - 30% - 18:28
3 - 17% - 22% - 9:13
4 - 7% - 13% - 4:03
PP Forward
1 - 41% - 60% - 1:37
2 - 59% - 40% - 2:21
PP Defense
1 - 52% - 60% - 2:04
2 - 48% - 40% - 1:54
PK Forward
1 - 100% - 60% - 1:59
2 - 0% - 40% - 0:00
PK Defense
1 - 51% - 60% - 1:01
2 - 49% - 40% - 0:58
PK3 Forward
1 - 0% - 60%
2 - 0% - 40%
PK3 Defense
1 - 0% - 60%
2 - 0% - 40%
44 Forward
1 - 89% - 60% - 4:26
2 - 11% - 40% - 0:34
44 Defense
1 - 58% - 60% - 2:54
2 - 42% - 40% - 2:06
Last Minute Offensive  - 0:00
Last Minute Defensive  - 0:00
Total
Forward - 65:00
Defense - 65:00

% Time on Ice - Monarchs

Lines # - Real PCT - Wanted PCT - Time Play
Normal Forward
1 - 31% - 35% - 16:43
2 - 33% - 30% - 17:35
3 - 27% - 22% - 14:23
4 - 10% - 13% - 5:22
Normal Defense
1 - 35% - 35% - 19:06
2 - 29% - 30% - 15:40
3 - 21% - 22% - 11:29
4 - 14% - 13% - 7:48
PP Forward
1 - 40% - 60% - 0:48
2 - 60% - 40% - 1:11
PP Defense
1 - 59% - 60% - 1:10
2 - 41% - 40% - 0:49
PK Forward
1 - 80% - 60% - 3:11
2 - 20% - 40% - 0:47
PK Defense
1 - 69% - 60% - 2:45
2 - 31% - 40% - 1:13
PK3 Forward
1 - 0% - 60%
2 - 0% - 40%
PK3 Defense
1 - 0% - 60%
2 - 0% - 40%
44 Forward
1 - 100% - 60% - 5:00
2 - 0% - 40% - 0:00
44 Defense
1 - 53% - 60% - 2:38
2 - 47% - 40% - 2:22
Last Minute Offensive  - 0:00
Last Minute Defensive  - 0:00
Total
Forward - 65:00
Defense - 65:00

Play by Play

1st period


0:01 of 1st period - Brett Olson wins face-off versus Zac Dalpe in neutral zone.
0:22 of 1st period - Austin Madaisky is hit by Jared Knight and loses puck.
0:58 of 1st period - Snap shot by Patrik Nemeth.
0:58 of 1st period - Shot Misses the Net.
1:04 of 1st period - Michael Davies is hit by Matej Stransky.
1:44 of 1st period - Mathieu Tousignant is hit by Cameron Gaunce and loses puck.
1:51 of 1st period - Rostislav Olesz is hit by Carter Bancks.
2:16 of 1st period - Jason Jaffray is hit by Carter Bancks.
4:11 of 1st period - Snap shot by Raffi Torres.
4:11 of 1st period - Shot Blocked by Zac Dalpe.
4:13 of 1st period - Wrist shot by Matej Stransky.
4:13 of 1st period - Stopped by Nikolai Khabibulin with a rebound.
4:15 of 1st period - Wrist shot by Raffi Torres.
4:15 of 1st period - Stopped by Nikolai Khabibulin with a rebound.
4:31 of 1st period - Alexandre Grenier is hit by Jordan Hill and loses puck.
5:04 of 1st period - Snap shot by David Rundblad.
5:04 of 1st period - Shot Blocked by Michael Davies.
5:06 of 1st period - Snap shot by David Rundblad.
5:06 of 1st period - Deflect By Rostislav Olesz.
5:06 of 1st period - Stopped by Nikolai Khabibulin with a rebound.
5:08 of 1st period - Snap shot by Rostislav Olesz.
5:08 of 1st period - Stopped by Nikolai Khabibulin with a rebound.
5:10 of 1st period - Slapshot by Nathan Paetsch.
5:10 of 1st period - Shot Misses the Net.
5:57 of 1st period - Austin Madaisky is hit by David Rundblad and loses puck.
6:08 of 1st period - Snap shot by Michael Davies.
6:08 of 1st period - Shot Misses the Net.
6:17 of 1st period - Icing by Bobby Robins.
6:18 of 1st period - Zac Dalpe wins face-off versus Mathieu Tousignant in Monarchs zone.
7:26 of 1st period - Michael Davies is hit by Derek Forbort and loses puck.
8:28 of 1st period - Wrist shot by Raffi Torres.
8:28 of 1st period - Shot Misses the Net.
8:30 of 1st period - Wrist shot by Taylor Doherty.
8:30 of 1st period - Shot Blocked by Cameron Gaunce.
9:36 of 1st period - Rostislav Olesz is hit by Patrik Nemeth.
9:42 of 1st period - Patrik Nemeth is hit by Rostislav Olesz and loses puck.
9:55 of 1st period - Carter Bancks is hit by C.J. Stretch and loses puck.
10:02 of 1st period - Wrist shot by Steven Delisle.
10:02 of 1st period - Stopped by Niklas Svedberg without a rebound.
10:03 of 1st period - C.J. Stretch wins face-off versus Matt Lowry in Monarchs zone.
10:12 of 1st period - Carter Bancks is hit by Matej Stransky and loses puck.
10:25 of 1st period - Snap shot by Rostislav Olesz.
10:25 of 1st period - Stopped by Nikolai Khabibulin with a rebound.
10:51 of 1st period - David Rundblad is hit by Steven Delisle and loses puck.
11:20 of 1st period - Matt Tennyson is hit by C.J. Stretch and loses puck.
12:27 of 1st period - Wrist shot by Matt Tennyson.
12:27 of 1st period - Stopped by Niklas Svedberg with a rebound.
14:02 of 1st period - Vinny Saponari is hit by Rostislav Olesz and loses puck.
14:10 of 1st period - Icing by Joe Morrow.
14:11 of 1st period - Zac Dalpe wins face-off versus Mathieu Tousignant in Monarchs zone.
14:18 of 1st period - Snap shot by Zac Dalpe.
14:18 of 1st period - Stopped by Niklas Svedberg without a rebound.
14:19 of 1st period - Zac Dalpe wins face-off versus C.J. Stretch in Monarchs zone.
14:38 of 1st period - Wrist shot by Raffi Torres.
14:38 of 1st period - Stopped by Nikolai Khabibulin with a rebound.
14:48 of 1st period - Matt Tennyson is hit by Jason Jaffray and loses puck.
15:27 of 1st period - Patrik Nemeth is hit by Jason Jaffray and loses puck.
15:38 of 1st period - Nathan Paetsch is hit by Carter Bancks and loses puck.
15:49 of 1st period - Slapshot by David Rundblad.
15:49 of 1st period - Shot Misses the Net.
16:51 of 1st period - Vinny Saponari is hit by Farm Player16 and loses puck.
18:07 of 1st period - Zac Dalpe is hit by Nathan Paetsch.
18:44 of 1st period - Carter Bancks is hit by Jared Knight and loses puck.
19:45 of 1st period - David Rundblad is hit by Spencer Machacek.
19:48 of 1st period - Icing by Brett Olson.
19:49 of 1st period - Wacey Hamilton wins face-off versus Brett Olson in Monarchs zone.
19:50 of 1st period - Backhand shot by Matt Watkins.
19:50 of 1st period - Stopped by Niklas Svedberg with a rebound.
Goals for this period are 0 for Stars vs 0 for Monarchs.
Shots for this period are 4 for Stars vs 6 for Monarchs.

2nd period


0:01 of 2nd period - Brett Olson wins face-off versus Zac Dalpe in neutral zone.
0:10 of 2nd period - Slapshot by Joe Morrow.
0:10 of 2nd period - Shot Misses the Net.
0:38 of 2nd period - Wrist shot by Jason Jaffray.
0:38 of 2nd period - Stopped by Nikolai Khabibulin with a rebound.
0:50 of 2nd period - Snap shot by Matej Stransky.
0:50 of 2nd period - Shot Misses the Net.
0:52 of 2nd period - Snap shot by Matej Stransky.
0:52 of 2nd period - Stopped by Nikolai Khabibulin with a rebound.
0:54 of 2nd period - Slapshot by Nathan Paetsch.
0:54 of 2nd period - Stopped by Nikolai Khabibulin with a rebound.
1:02 of 2nd period - Wrist shot by Raffi Torres.
1:02 of 2nd period - Shot Misses the Net.
1:04 of 2nd period - Slapshot by David Rundblad.
1:04 of 2nd period - Stopped by Nikolai Khabibulin with a rebound.
1:06 of 2nd period - Slapshot by David Rundblad.
1:06 of 2nd period - Stopped by Nikolai Khabibulin with a rebound.
1:14 of 2nd period - Wrist shot by David Rundblad.
1:14 of 2nd period - Stopped by Nikolai Khabibulin with a rebound.
1:16 of 2nd period - Slapshot by David Rundblad.
1:16 of 2nd period - Shot Blocked by Cameron Gaunce.
2:01 of 2nd period - Minor Penalty to Rostislav Olesz for Interference.
2:02 of 2nd period - Jason Jaffray wins face-off versus Wacey Hamilton in Monarchs zone.
2:20 of 2nd period - Jared Knight is hit by Matt Watkins and loses puck.
2:35 of 2nd period - Wrist shot by Nathan Paetsch.
2:35 of 2nd period - Stopped by Nikolai Khabibulin with a rebound.
2:53 of 2nd period - Off-side.
2:54 of 2nd period - Wacey Hamilton wins face-off versus Jason Jaffray in neutral zone.
3:13 of 2nd period - Snap shot by Matt Watkins.
3:13 of 2nd period - Stopped by Niklas Svedberg with a rebound.
3:46 of 2nd period - Matt Tennyson is hit by Jordan Hill and loses puck.
4:01 of 2nd period - Penalty to Rostislav Olesz is over, Rostislav Olesz is back on ice.
4:04 of 2nd period - Jordan Hill is hit by Michael Davies and loses puck.
4:15 of 2nd period - Rostislav Olesz is hit by Carter Bancks and loses puck.
4:33 of 2nd period - Icing by Patrik Nemeth.
4:34 of 2nd period - Matt Lowry wins face-off versus C.J. Stretch in Stars zone.
6:52 of 2nd period - Minor Penalty to Mathieu Tousignant for Tripping.
6:53 of 2nd period - Jason Jaffray wins face-off versus Wacey Hamilton in Monarchs zone.
7:08 of 2nd period - Slapshot by Nathan Paetsch.
7:08 of 2nd period - Shot Blocked by Matt Tennyson.
7:10 of 2nd period - Snap shot by Jared Knight.
7:10 of 2nd period - Shot Blocked by Michael Davies.
7:12 of 2nd period - Slapshot by Nathan Paetsch.
7:12 of 2nd period - Stopped by Nikolai Khabibulin with a rebound.
7:14 of 2nd period - Snap shot by Jordan Hill.
7:14 of 2nd period - Deflect By Jason Jaffray.
7:14 of 2nd period - Stopped by Nikolai Khabibulin with a rebound.
7:39 of 2nd period - Wrist shot by Alexandre Grenier.
7:39 of 2nd period - Stopped by Niklas Svedberg without a rebound.
7:40 of 2nd period - Vinny Saponari wins face-off versus Jason Jaffray in Monarchs zone.
7:53 of 2nd period - Slapshot by Austin Madaisky.
7:53 of 2nd period - Shot Hit the Post.
8:00 of 2nd period - Slapshot by Matt Tennyson.
8:00 of 2nd period - Stopped by Niklas Svedberg without a rebound.
8:01 of 2nd period - Rostislav Olesz wins face-off versus Wacey Hamilton in Monarchs zone.
8:44 of 2nd period - Snap shot by Matt Watkins.
8:44 of 2nd period - Shot Blocked by Rostislav Olesz.
8:46 of 2nd period - Snap shot by Matt Watkins.
8:46 of 2nd period - Shot Misses the Net.
8:52 of 2nd period - Penalty to Mathieu Tousignant is over, Mathieu Tousignant is back on ice.
9:48 of 2nd period - Vinny Saponari is hit by Matej Stransky and loses puck.
10:19 of 2nd period - Snap shot by Matt Lowry.
10:19 of 2nd period - Stopped by Niklas Svedberg with a rebound.
11:19 of 2nd period - Carter Bancks is hit by Mathieu Tousignant and loses puck.
11:36 of 2nd period - Rostislav Olesz is hit by Carter Bancks and loses puck.
11:51 of 2nd period - Slapshot by David Rundblad.
11:51 of 2nd period - Goal by David Rundblad - Stars : 0 - Monarchs : 1.
11:52 of 2nd period - Zac Dalpe wins face-off versus Brett Olson in neutral zone.
11:59 of 2nd period - Slapshot by Zac Dalpe.
11:59 of 2nd period - Stopped by Niklas Svedberg without a rebound.
12:00 of 2nd period - Brett Olson wins face-off versus Zac Dalpe in Monarchs zone.
12:04 of 2nd period - Off-side.
12:05 of 2nd period - Brett Olson wins face-off versus Zac Dalpe in neutral zone.
12:08 of 2nd period - Zac Dalpe is hit by Brett Olson and loses puck.
12:25 of 2nd period - Slapshot by David Rundblad.
12:25 of 2nd period - Stopped by Nikolai Khabibulin with a rebound.
12:31 of 2nd period - Snap shot by David Rundblad.
12:31 of 2nd period - Stopped by Nikolai Khabibulin with a rebound.
12:33 of 2nd period - Slapshot by David Rundblad.
12:33 of 2nd period - Shot Misses the Net.
12:35 of 2nd period - Slapshot by Brett Olson.
12:35 of 2nd period - Shot Misses the Net.
12:37 of 2nd period - Snap shot by David Rundblad.
12:37 of 2nd period - Deflect By Brett Olson.
12:37 of 2nd period - Stopped by Nikolai Khabibulin with a rebound.
13:05 of 2nd period - Snap shot by Zac Dalpe.
13:05 of 2nd period - Shot Blocked by Taylor Doherty.
13:43 of 2nd period - Wacey Hamilton is hit by Raffi Torres and loses puck.
13:52 of 2nd period - Taylor Doherty is hit by Matt Watkins and loses puck.
14:15 of 2nd period - Jason Jaffray is hit by Justin Shugg and loses puck.
14:30 of 2nd period - Slapshot by Matt Lowry.
14:30 of 2nd period - Stopped by Niklas Svedberg with a rebound.
14:32 of 2nd period - Slapshot by Patrik Nemeth.
14:32 of 2nd period - Stopped by Niklas Svedberg with a rebound.
14:34 of 2nd period - Wrist shot by Carter Bancks.
14:34 of 2nd period - Stopped by Niklas Svedberg without a rebound.
14:35 of 2nd period - Rostislav Olesz wins face-off versus Matt Lowry in Monarchs zone.
14:48 of 2nd period - Carter Bancks is hit by Bobby Robins and loses puck.
15:05 of 2nd period - Wrist shot by Matt Watkins.
15:05 of 2nd period - Stopped by Niklas Svedberg without a rebound.
15:06 of 2nd period - Wacey Hamilton wins face-off versus Brett Olson in Monarchs zone.
16:01 of 2nd period - Icing by Cameron Gaunce.
16:02 of 2nd period - Wacey Hamilton wins face-off versus Bobby Robins in Stars zone.
16:49 of 2nd period - Justin Shugg is hit by Jared Knight and loses puck.
17:16 of 2nd period - Slapshot by David Rundblad.
17:16 of 2nd period - Stopped by Nikolai Khabibulin with a rebound.
18:30 of 2nd period - Brett Olson is hit by Justin Shugg and loses puck.
19:00 of 2nd period - Derek Forbort is hit by Michael Davies and loses puck.
19:53 of 2nd period - Jason Jaffray is hit by Matt Watkins and loses puck.
Goals for this period are 0 for Stars vs 1 for Monarchs.
Shots for this period are 9 for Stars vs 14 for Monarchs.

3rd period


0:01 of 3rd period - Brett Olson wins face-off versus Zac Dalpe in neutral zone.
0:26 of 3rd period - Snap shot by Jason Jaffray.
0:26 of 3rd period - Deflect By Vinny Saponari.
0:26 of 3rd period - Shot Blocked by Matt Tennyson.
0:26 of 3rd period - Puck is out of play.
0:27 of 3rd period - Wacey Hamilton wins face-off versus C.J. Stretch in Stars zone.
1:13 of 3rd period - Wrist shot by Carter Bancks.
1:13 of 3rd period - Deflect By Alexandre Grenier.
1:13 of 3rd period - Stopped by Niklas Svedberg with a rebound.
1:15 of 3rd period - Wrist shot by Patrik Nemeth.
1:15 of 3rd period - Shot Blocked by David Rundblad.
1:38 of 3rd period - Snap shot by Alexandre Grenier.
1:38 of 3rd period - Deflect By Matt Lowry.
1:38 of 3rd period - Shot Blocked by Nathan Paetsch.
1:38 of 3rd period - Puck is out of play.
1:39 of 3rd period - Brett Olson wins face-off versus Zac Dalpe in Monarchs zone.
1:50 of 3rd period - Wrist shot by Zac Dalpe.
1:50 of 3rd period - Goal by Zac Dalpe - Stars : 1 - Monarchs : 1.
1:51 of 3rd period - Justin Shugg wins face-off versus Brett Olson in neutral zone.
2:46 of 3rd period - Rostislav Olesz is hit by Patrik Nemeth and loses puck.
2:47 of 3rd period - Rostislav Olesz from Monarchs is injured at 2:47 of 3rd period (Back Surgery).
2:48 of 3rd period - Zac Dalpe wins face-off versus Farm Player23 in Monarchs zone.
3:20 of 3rd period - Icing by Zac Dalpe.
3:21 of 3rd period - C.J. Stretch wins face-off versus Zac Dalpe in Stars zone.
3:22 of 3rd period - Slapshot by David Rundblad.
3:22 of 3rd period - Stopped by Nikolai Khabibulin with a rebound.
3:58 of 3rd period - Slapshot by David Rundblad.
3:58 of 3rd period - Shot Blocked by Matt Tennyson.
4:25 of 3rd period - David Rundblad is hit by Austin Madaisky and loses puck.
4:37 of 3rd period - Michael Davies is hit by Brett Olson and loses puck.
4:55 of 3rd period - Mathieu Tousignant is hit by Patrik Nemeth and loses puck.
5:13 of 3rd period - Wrist shot by Matt Lowry.
5:13 of 3rd period - Stopped by Niklas Svedberg without a rebound.
5:14 of 3rd period - Matt Lowry wins face-off versus C.J. Stretch in Monarchs zone.
5:26 of 3rd period - Minor Penalty to Carter Bancks for Roughing.
5:27 of 3rd period - C.J. Stretch wins face-off versus Vinny Saponari in Stars zone.
5:29 of 3rd period - Slapshot by Nathan Paetsch.
5:29 of 3rd period - Shot Blocked by Matt Tennyson.
5:31 of 3rd period - Slapshot by Nathan Paetsch.
5:31 of 3rd period - Shot Blocked by Austin Madaisky.
5:57 of 3rd period - Slapshot by Nathan Paetsch.
5:57 of 3rd period - Stopped by Nikolai Khabibulin with a rebound.
6:17 of 3rd period - Brett Olson is hit by Alexandre Grenier.
7:26 of 3rd period - Penalty to Carter Bancks is over, Carter Bancks is back on ice.
7:35 of 3rd period - Snap shot by Brett Olson.
7:35 of 3rd period - Deflect By Alexandre Grenier.
7:35 of 3rd period - Stopped by Nikolai Khabibulin with a rebound.
8:20 of 3rd period - Carter Bancks is hit by Farm Player16 and loses puck.
9:12 of 3rd period - Joe Morrow is hit by Michael Davies and loses puck.
9:50 of 3rd period - Nathan Paetsch is hit by Vinny Saponari.
10:42 of 3rd period - Dylan Yeo is hit by Raffi Torres.
10:43 of 3rd period - Dylan Yeo from Stars is injured at 10:43 of 3rd period (Upper Body).
10:44 of 3rd period - Zac Dalpe wins face-off versus Brett Olson in Stars zone.
10:49 of 3rd period - Wrist shot by Justin Shugg.
10:49 of 3rd period - Shot Blocked by Derek Forbort.
10:57 of 3rd period - Slapshot by Brett Olson.
10:57 of 3rd period - Stopped by Nikolai Khabibulin with a rebound.
10:59 of 3rd period - Slapshot by Jason Jaffray.
10:59 of 3rd period - Stopped by Nikolai Khabibulin with a rebound.
11:13 of 3rd period - Slapshot by Brett Olson.
11:13 of 3rd period - Shot Misses the Net.
11:15 of 3rd period - Snap shot by Derek Forbort.
11:15 of 3rd period - Stopped by Nikolai Khabibulin with a rebound.
11:17 of 3rd period - Slapshot by Jared Knight.
11:17 of 3rd period - Stopped by Nikolai Khabibulin with a rebound.
11:19 of 3rd period - Snap shot by Taylor Doherty.
11:19 of 3rd period - Stopped by Nikolai Khabibulin with a rebound.
11:31 of 3rd period - Cameron Gaunce is hit by Taylor Doherty and loses puck.
11:46 of 3rd period - Wrist shot by Michael Davies.
11:46 of 3rd period - Shot Hit the Post.
11:48 of 3rd period - Slapshot by Austin Madaisky.
11:48 of 3rd period - Stopped by Niklas Svedberg with a rebound.
11:56 of 3rd period - Slapshot by David Rundblad.
11:56 of 3rd period - Shot Misses the Net.
12:02 of 3rd period - Nathan Paetsch is hit by Wacey Hamilton and loses puck.
12:16 of 3rd period - Icing by Patrik Nemeth.
12:17 of 3rd period - Mathieu Tousignant wins face-off versus Wacey Hamilton in Stars zone.
12:45 of 3rd period - Snap shot by Mathieu Tousignant.
12:45 of 3rd period - Shot Blocked by Alexandre Grenier.
12:51 of 3rd period - Jordan Hill is hit by Patrik Nemeth and loses puck.
13:19 of 3rd period - Derek Forbort is hit by Austin Madaisky and loses puck.
13:53 of 3rd period - Matt Watkins is hit by Jason Jaffray and loses puck.
15:00 of 3rd period - Slapshot by Matt Watkins.
15:00 of 3rd period - Stopped by Niklas Svedberg with a rebound.
15:48 of 3rd period - Snap shot by Brett Olson.
15:48 of 3rd period - Shot Misses the Net.
16:55 of 3rd period - Wrist shot by Alexandre Grenier.
16:55 of 3rd period - Shot Blocked by Derek Forbort.
18:00 of 3rd period - Austin Madaisky is hit by Jason Jaffray and loses puck.
19:23 of 3rd period - Alexandre Grenier is hit by Derek Forbort and loses puck.
Goals for this period are 1 for Stars vs 0 for Monarchs.
Shots for this period are 5 for Stars vs 8 for Monarchs.

Overtime #1


0:01 of 1st overtime period - Jason Jaffray wins face-off versus Alexandre Grenier in neutral zone.
0:07 of 1st overtime period - Wrist shot by Jason Jaffray.
0:07 of 1st overtime period - Shot Blocked by Patrik Nemeth.
0:26 of 1st overtime period - Backhand shot by Alexandre Grenier.
0:26 of 1st overtime period - Shot Misses the Net.
0:32 of 1st overtime period - Alexandre Grenier is hit by Jason Jaffray.
0:51 of 1st overtime period - Jared Knight is hit by Patrik Nemeth and loses puck.
0:58 of 1st overtime period - Alexandre Grenier is hit by Jason Jaffray and loses puck.
1:30 of 1st overtime period - Taylor Doherty is hit by Steven Delisle and loses puck.
1:55 of 1st overtime period - Slapshot by Joe Morrow.
1:55 of 1st overtime period - Shot Misses the Net.
1:57 of 1st overtime period - Wrist shot by Bobby Robins.
1:57 of 1st overtime period - Shot Hit the Post.
2:19 of 1st overtime period - Cameron Gaunce is hit by Taylor Doherty and loses puck.
2:43 of 1st overtime period - Carter Bancks is hit by Mathieu Tousignant and loses puck.
2:52 of 1st overtime period - Snap shot by Mathieu Tousignant.
2:52 of 1st overtime period - Shot Misses the Net.
3:15 of 1st overtime period - Matt Tennyson is hit by Joe Morrow and loses puck.
3:20 of 1st overtime period - Slapshot by Nathan Paetsch.
3:20 of 1st overtime period - Shot Blocked by Cameron Gaunce.
3:22 of 1st overtime period - Backhand shot by Derek Forbort.
3:22 of 1st overtime period - Stopped by Nikolai Khabibulin with a rebound.
3:32 of 1st overtime period - Wrist shot by Nathan Paetsch.
3:32 of 1st overtime period - Stopped by Nikolai Khabibulin with a rebound.
4:01 of 1st overtime period - Wrist shot by Alexandre Grenier.
4:01 of 1st overtime period - Shot Blocked by Nathan Paetsch.
4:33 of 1st overtime period - Taylor Doherty is hit by Michael Davies and loses puck.
4:40 of 1st overtime period - Jason Jaffray is hit by Matt Tennyson and loses puck.
Goals for this period are 0 for Stars vs 0 for Monarchs.
Shots for this period are 0 for Stars vs 2 for Monarchs.

ShootOut


5:00 of 1st overtime period - Penalty Shot by Carter Bancks for Stars.
5:00 of 1st overtime period - Snap shot by Carter Bancks.
5:00 of 1st overtime period - Stopped by Niklas Svedberg.
5:00 of 1st overtime period - Penalty Shot by Jason Jaffray for Monarchs.
5:00 of 1st overtime period - Deke by Jason Jaffray.
5:00 of 1st overtime period - Shot Misses the Net.
5:00 of 1st overtime period - Penalty Shot by Vinny Saponari for Stars.
5:00 of 1st overtime period - Deke by Vinny Saponari.
5:00 of 1st overtime period - Shot Misses the Net.
5:00 of 1st overtime period - Penalty Shot by Mathieu Tousignant for Monarchs.
5:00 of 1st overtime period - Backhand shot by Mathieu Tousignant.
5:00 of 1st overtime period - Goal by Mathieu Tousignant.
5:00 of 1st overtime period - Penalty Shot by Justin Shugg for Stars.
5:00 of 1st overtime period - Wrist shot by Justin Shugg.
5:00 of 1st overtime period - Goal by Justin Shugg.
5:00 of 1st overtime period - Penalty Shot by David Rundblad for Monarchs.
5:00 of 1st overtime period - Backhand shot by David Rundblad.
5:00 of 1st overtime period - Stopped by Nikolai Khabibulin.
5:00 of 1st overtime period - Penalty Shot by Michael Davies for Stars.
5:00 of 1st overtime period - Snap shot by Michael Davies.
5:00 of 1st overtime period - Goal by Michael Davies.
5:00 of 1st overtime period - Penalty Shot by Brett Olson for Monarchs.
5:00 of 1st overtime period - Snap shot by Brett Olson.
5:00 of 1st overtime period - Stopped by Nikolai Khabibulin.


Output by the SimonT Hockey Simulator (STHS) for Eric Dolegowski -- Original Page W3C XHTML 1.0 Valid
Hockey Simulator - Hockey Simulation - Hockey Manager